 Dungeon Crawl Stone Soup version 0.22.0-38-g04b72b8 (webtiles) character file.

52902 Inarius the Fighter (level 14, -10/104 HPs)
             Began as a Demonspawn Gladiator on Aug 30, 2018.
             Was the Champion of Hepliaklqana.
             Mangled by Rupert
             ... wielding a +1 triple sword of holy wrath
              (33 damage)
             ... on level 12 of the Dungeon.
             The game lasted 00:54:58 (20212 turns).

Inarius the Fighter (Demonspawn Gladiator)         Turns: 20212, Time: 00:54:59

Health: -10/104    AC: 21    Str: 19    XL:     14   Next: 28%
Magic:  19/19      EV: 11    Int: 12    God:    Hepliaklqana [******]
Gold:   1263       SH:  7    Dex: 16    Spells: 13/13 levels left

rFire    + + .     SeeInvis +   t - +3 falchion (protect)
rCold    . . .     Gourm    .   K - +1 buckler of the Monkey's Uncle {MR+ Int+3 SInv}
rNeg     . . .     Faith    .   C - +2 chain mail {rF+}
rPois    +         Spirit   .   (helmet unavailable)
rElec    .         Reflect  .   (no cloak)
rCorr    .         Harm     .   A - +0 pair of gloves
MR       +++..                  E - +1 pair of boots
Stlth    ..........             l - amulet of regeneration
HPRegen  0.67/turn              m - ring of poison resistance
MPRegen  0.16/turn              O - ring of protection from magic

@: no status effects
A: reduced essence, antennae 3, icy blue scales 2, fire resistance 1, flame
cloud immunity
a: Recall Ancestor, Ancestor Identity, Transference, Idealise, Renounce Religion


You were on level 12 of the Dungeon.
You worshipped Hepliaklqana.
Hepliaklqana was exalted by your worship.
You were not hungry.

You visited 2 branches of the dungeon, and saw 19 of its levels.

You collected 1263 gold pieces.

Inventory:

Hand Weapons
 t - a +3 falchion of protection (weapon)
 w - a +2 whip of freezing
 z - a +0 falchion of flaming
 F - the +5 mace of Evisceration {elec, Int+3}
   (You found it on level 6 of the Lair of Beasts)

   Occasionally, upon striking a foe, it will discharge some electrical energy
   and cause terrible harm.
   It affects your intelligence (+3).
Missiles
 d - 3 throwing nets (quivered)
Armour
 y - a +0 shield
 A - a +0 pair of gloves (worn)
 C - a +2 chain mail of fire resistance (worn)
 E - a +1 pair of boots (worn)
 K - the +1 buckler of the Monkey's Uncle (worn) {MR+ Int+3 SInv}
   (You found it on level 3 of the Lair of Beasts)

   It affects your intelligence (+3).
   It affects your resistance to hostile enchantments.
   It lets you see invisible.
Jewellery
 h - an uncursed ring of fire
 l - an amulet of regeneration (around neck)
 m - a ring of poison resistance (left hand)
 p - an uncursed ring of stealth
 O - a ring of protection from magic (right hand)
Wands
 q - a wand of flame (73)
 I - a wand of acid (7)
 N - a wand of digging (11)
 Q - a wand of polymorph (17)
 U - a wand of paralysis (11)
Scrolls
 a - 2 scrolls of brand weapon
 b - 2 scrolls of blinking
 c - 2 scrolls of enchant armour
 e - 10 scrolls of remove curse
 j - 5 scrolls of magic mapping
 k - 3 scrolls of immolation
 n - 4 scrolls of fog
 o - 6 scrolls of teleportation
 r - 2 scrolls of enchant weapon
 u - 4 scrolls of identify
 L - a scroll of fear
 P - 3 scrolls of vulnerability
Potions
 g - 3 potions of brilliance
 i - 5 potions of flight
 v - a potion of mutation
 B - 2 potions of cancellation
 D - 2 potions of degeneration
 G - a potion of invisibility
 H - 3 potions of ambrosia
 J - a potion of might {unknown}
 M - 2 potions of curing
 R - 2 potions of heal wounds
 S - a potion of berserk rage {unknown}
Miscellaneous
 s - a box of beasts
 x - a sack of spiders
 T - a phantom mirror
Comestibles
 f - 43 rations


   Skills:
 * Level 12.9 Fighting
 + Level 12.8 Long Blades
 - Level 1.7 Throwing
 + Level 11.0 Armour
 + Level 5.5 Dodging
 + Level 7.7 Shields
 + Level 7.0 Invocations
 + Level 3.9 Evocations


You had 13 spell levels left.
You didn't know any spells.
Your spell library contained the following spells:

 Spells                   Type           Power        Failure   Level  Hunger
 Animate Skeleton         Necr           N/A          94%         1    ##.....
 Apportation              Tloc           #.....       94%         1    ##.....
 Confusing Touch          Hex            #.....       94%         1    ##.....
 Corona                   Hex            #......      94%         1    ##.....
 Summon Small Mammal      Summ           #...         94%         1    ##.....
 Slow                     Hex            #.......     98%         2    ###....
 Confuse                  Hex            #.......     100%        3    ####...
 Gell's Gravitas          Tloc           #.........   100%        3    ####...
 Inner Flame              Hex/Fire       #.......     100%        3    ####...
 Portal Projectile        Hex/Tloc       #.....       100%        3    ####...
 Cause Fear               Hex            #.........   100%        4    #####..
 Leda's Liquefaction      Hex/Erth       #.........   100%        4    #####..
 Petrify                  Tmut/Erth      #.......     100%        4    #####..
 Irradiate                Conj/Tmut      #.........   100%        5    ######.
 Metabolic Englaciation   Hex/Ice        #.........   100%        5    ######.
 Silence                  Hex/Air        #.........   100%        5    ######.
 Yara's Violent Unravell  Hex/Tmut       #.........   100%        5    ######.
 Deflect Missiles         Chrm/Air       #.........   100%        6    #######
 Hydra Form               Tmut           #.........   100%        6    #######
 Statue Form              Tmut/Erth      #........    100%        6    #######
 Dragon Form              Tmut           #.........   100%        7    #######
 Discord                  Hex            #.........   100%        8    #######


Dungeon Overview and Level Annotations

Branches:
Dungeon (13/15)            Temple (0/1) D:5            Lair (6/6) D:9
  Swamp (0/4) Lair:2       Spider (0/4) Lair:3        Slime (0/5) Lair:5
    Orc (0/2) D:11
 Vaults: D:13-14

Altars:
Ashenzari
Dithmenos
Hepliaklqana
Ru
Uskayaw
Vehumet
Wu Jian
Xom
The Shining One
Jiyva

Shops:
D:9 *

Annotations:
D:12 Rupert


Innate Abilities, Weirdness & Mutations

You have a pair of large antennae on your head. (SInv)
You are mostly covered in icy blue scales. (AC +3)
Your flesh is heat resistant. (rF+)
You are immune to clouds of flame.
Your life essence is reduced to manifest your ancestor. (-10% HP)


Message History

The rock shatters into small pieces.
Rupert rages.
The crimson imp blinks!
Rupert rages.
Rupert closely misses you.
You riposte.
You hit Rupert.
Your weapon exudes an aura of protection.
Rupert is lightly wounded.
You block Rupert's attack.
There is a stone staircase leading up here.
Rupert hits you with a triple sword of holy wrath!!
You convulse!
You climb upwards.
There is a stone staircase leading down here.
You closely miss Rupert.
Rupert hits you with a triple sword of holy wrath!
You convulse.
Rupert hits you with a triple sword of holy wrath!!
* * * LOW HITPOINT WARNING * * *
You convulse!!
You die...

#..............#####.#####
#.............######.#####
#.##...##...#.#...........
#.##...##...#.#...........
#.............############
#.........................
#..........[..............
#.....##########..........
#........@>...............
#.........@...#######'####
#.###########.#.....R.....
#.# #.#...<.......
#.###########.#...........
#.............#..#########
#...####.....##..#........
#.#.#..#.....#...#..#.....
#.#.#..#.#...#...#..#.....


You could see Rupert (berserk).

Vanquished Creatures
  4 hydras
  A fire dragon (Lair:6)
  A two-headed ogre (D:8)
  4 death yaks
  A swamp dragon (Lair:6)
  A shambling mangrove (Lair:3)
  Pikel (D:6)
  A deep elf mage (D:12)
  A centaur zombie (D:10)
  3 black mambas
  6 elephants
  A guardian serpent (Lair:6)
  11 spiny frogs
  4 rime drakes
  4 komodo dragons
  A polar bear (Lair:4)
  2 hornets
  12 wolves
  4 hippogriffs
  4 dream sheep
  5 blink frogs
  3 redbacks (Lair:6)
  A vampire (D:10)
  Sigmund (D:4)
  A wraith (D:10)
  Eustachio (D:4)
  37 yaks
  3 basilisks
  7 wyverns
  2 acid dragons (Lair:6)
  A swamp worm (Lair:2)
  12 water moccasins
  3 porcupines
  A swamp drake (Lair:6)
  Purgy (D:3)
  An ice beast (D:6)
  2 black bears (D:11)
  2 orc warriors
  8 ogres
  A phantom (D:7)
  A necrophage (D:9)
  2 centaurs
  13 crocodiles
  A big kobold (D:7)
  15 bullfrogs
  Dowan (D:4)
  2 gnoll sergeants
  2 killer bees (D:9)
  A howler monkey (D:3)
  A wight (D:10)
  An electric eel (Lair:6)
  2 crimson imps
  A jelly (D:7)
  A centaur skeleton (D:9)
  5 orc priests
  2 hounds
  6 orc wizards
  2 hexers
  4 iguanas
  4 worker ants
  A hound zombie (D:7)
  A hound skeleton (D:4)
  A howler monkey skeleton (D:7)
  8 gnolls
  11 adders
  A shadow imp (D:7)
  A leopard gecko (D:1)
  27 orcs
  3 ball pythons
  4 giant cockroaches
  8 goblins
  3 hobgoblins
  2 jackals (D:3)
  8 kobolds
  3 quokkas
  8 bats
  3 frilled lizards
  A giant cockroach zombie (D:5)
  4 rats
  A fungus (Lair:3)
  2 plants (Lair:6)
328 creatures vanquished.

Vanquished Creatures (collateral kills)
  A hydra (Lair:1)
  A catoblepas (Lair:6)
  A two-headed ogre (D:12)
  Nergalle (Lair:3)
  Sonja (Lair:1)
  A cyclops (D:10)
  A wolf spider (Lair:6)
  5 elephants
  A black mamba (Lair:6)
  6 spiny frogs
  5 komodo dragons
  A rime drake (Lair:6)
  A tyrant leech (Lair:2)
  2 hornets
  3 hippogriffs
  2 blink frogs (Lair:1)
  2 dream sheep
  2 wandering mushrooms (Lair:3)
  12 yaks
  A wraith (D:10)
  4 wyverns (Lair:6)
  A basilisk (Lair:3)
  A hungry ghost (D:11)
  A swamp worm (Lair:2)
  Duvessa (D:4)
  A porcupine (Lair:2)
  9 water moccasins
  An orc warrior (D:7)
  A sky beast (D:6)
  6 wolves
  6 crocodiles
  A centaur (D:11)
  3 big kobolds (D:9)
  4 bullfrogs
  3 killer bees (D:9)
  2 wights (D:10)
  An electric eel (Lair:5)
  A howler monkey (D:10)
  2 hounds
  A jelly (D:8)
  2 orc priests
  3 orc wizards
  A bullfrog skeleton (D:5)
  3 worker ants
  A hound skeleton (D:7)
  A howler monkey zombie (D:5)
  5 gnolls
  7 orcs
  A ball python (D:4)
  3 giant cockroaches
  A hobgoblin (D:3)
  A frilled lizard (D:3)
  A fungus (Lair:6)
  A plant (Lair:3)
131 creatures vanquished.

Vanquished Creatures (others)
  A blink frog (Lair:1)
  3 yaks (Lair:1)
  16 hexers
  An ancestor (D:3)
  25 fungi
  31 plants
77 creatures vanquished.

Grand Total: 536 creatures vanquished

Notes
Turn   | Place    | Note
-------+----------+-------------------------------------------
     0 | D:1      | Inarius the Demonspawn Gladiator began the quest for the Orb.
     0 | D:1      | Reached XP level 1. HP: 16/16 MP: 1/1
   695 | D:1      | Gained mutation: Your flesh is heat resistant. (rF+) [demonic ancestry]
   695 | D:1      | Reached XP level 2. HP: 18/22 MP: 2/2
   993 | D:2      | Found a sacrificial altar of Ru.
  1169 | D:2      | Gained mutation: You are partially covered in icy blue scales. (AC +2) [demonic ancestry]
  1169 | D:2      | Reached XP level 3. HP: 26/28 MP: 3/3
  1480 | D:2      | Gained mutation: You have a pair of small antennae on your head. [demonic ancestry]
  1480 | D:2      | Reached XP level 4. HP: 22/34 MP: 4/4
  1676 | D:2      | Reached skill level 1 in Armour
  1733 | D:2      | Found a radiant altar of Vehumet.
  1735 | D:2      | Found a hazy altar of Hepliaklqana.
  1737 | D:2      | Found a glowing golden altar of the Shining One.
  1737 | D:2      | Found a hide-covered altar of Uskayaw.
  1878 | D:2      | Became a worshipper of Hepliaklqana the Forgotten
  2341 | D:3      | Reached skill level 1 in Invocations
  2341 | D:3      | Reached XP level 5. HP: 15/36 MP: 5/5
  2602 | D:3      | Reached * piety under Hepliaklqana
  2734 | D:4      | Noticed Purgy
  2768 | D:3      | Killed Purgy
  2768 | D:3      | Reached XP level 6. HP: 33/43 MP: 5/7
  2786 | D:4      | Noticed Sigmund
  2801 | D:4      | Killed Sigmund
  2844 | D:4      | Gained mutation: You have a pair of antennae on your head. [demonic ancestry]
  2844 | D:4      | Reached XP level 7. HP: 29/48 MP: 9/9
  2944 | D:4      | Got an opalescent robe
  2955 | D:4      | Identified the cursed +1 robe "Rixom" {rElec} (You found it on level 4 of the Dungeon)
  3020 | D:4      | Noticed Eustachio
  3031 | D:4      | Noticed Duvessa
  3063 | D:4      | Killed Eustachio
  3063 | D:4      | Reached skill level 5 in Long Blades
  3072 | D:4      | Killed Duvessa
  3074 | D:4      | Noticed Dowan
  3087 | D:4      | Killed Dowan
  3414 | D:4      | Reached ** piety under Hepliaklqana
  3415 | D:4      | Remembered your ancestor Khenut as a hexer
  3482 | D:5      | Entered Level 5 of the Dungeon
  3595 | D:5      | Reached skill level 5 in Fighting
  3949 | D:5      | Found a staircase to the Ecumenical Temple.
  3963 | D:5      | Gained mutation: You are immune to clouds of flame. [demonic ancestry]
  3963 | D:5      | Reached XP level 8. HP: 52/55 MP: 9/11
  4645 | D:6      | Reached skill level 5 in Invocations
  4669 | D:6      | Reached *** piety under Hepliaklqana
  4689 | D:6      | Found an ornate altar of the Wu Jian Council.
  4839 | D:6      | Noticed Pikel
  4921 | D:6      | Killed Pikel
  4921 | D:6      | Reached skill level 5 in Armour
  4921 | D:6      | Reached XP level 9. HP: 60/62 MP: 12/12
  5403 | D:7      | Reached skill level 1 in Evocations
  6001 | D:8      | Noticed a two-headed ogre
  6013 | D:8      | Killed a two-headed ogre
  6098 | D:8      | Found a shattered altar of Ashenzari.
  6098 | D:8      | Found a shadowy altar of Dithmenos.
  6118 | D:8      | Reached XP level 10. HP: 54/71 MP: 13/13
  6329 | D:8      | Found a shimmering altar of Xom.
  6693 | D:9      | Noticed a two-headed hydra
  6818 | D:9      | Killed a one-headed hydra
  7012 | D:9      | Found a staircase to the Lair.
  7084 | D:9      | Found Resypiw's Elemental Accessories.
  7133 | D:9      | Reached skill level 1 in Shields
  7311 | D:9      | Reached **** piety under Hepliaklqana
  7543 | D:10     | Entered Level 10 of the Dungeon
  8147 | D:10     | Reached XP level 11. HP: 76/78 MP: 14/14
  9373 | D:11     | Reached ***** piety under Hepliaklqana
  9435 | D:11     | Found a staircase to the Orcish Mines.
  9688 | D:12     | Noticed a two-headed ogre
  9699 | D:12     | Killed a two-headed ogre
  9699 | D:12     | Reached skill level 10 in Long Blades
 10090 | D:12     | Noticed a deep elf mage
 10111 | D:12     | Killed a deep elf mage
 10496 | Lair:1   | Entered Level 1 of the Lair of Beasts
 10563 | Lair:1   | Noticed Sonja
 10607 | Lair:1   | Killed Sonja
 10725 | Lair:1   | Noticed a four-headed hydra
 10738 | Lair:1   | Killed a one-headed hydra
 10738 | Lair:1   | Reached skill level 10 in Fighting
 10765 | Lair:1   | Reached skill level 5 in Shields
 10958 | Lair:1   | Reached XP level 12. HP: 81/87 MP: 15/15
 11226 | D:9      | You fall through a shaft!
 11855 | Lair:2   | Found a staircase to the Swamp.
 12941 | Lair:3   | Noticed Nergalle
 13053 | Lair:3   | Killed Nergalle
 13202 | Lair:3   | Reached ****** piety under Hepliaklqana
 13251 | Lair:3   | Got an encrusted buckler
 13262 | Lair:3   | Identified the +1 buckler of the Monkey's Uncle {MR+ Int+3 SInv} (You found it on level 3 of the Lair of Beasts)
 13693 | Lair:3   | Found a hole to the Spider Nest.
 13940 | Lair:4   | Noticed an eight-headed hydra
 14353 | Lair:4   | Killed a one-headed hydra
 14451 | Lair:4   | Noticed a death yak
 14452 | Lair:4   | Noticed a death yak
 14452 | Lair:4   | Noticed a death yak
 14453 | Lair:4   | Noticed a death yak
 14583 | Lair:3   | Killed a death yak
 14693 | Lair:4   | Gained mutation: You have a pair of large antennae on your head. (SInv) [demonic ancestry]
 14693 | Lair:4   | Reached XP level 13. HP: 95/95 MP: 18/18
 15657 | Lair:5   | Reached skill level 10 in Armour
 15898 | Lair:5   | Found a viscous altar of Jiyva.
 15917 | Lair:5   | Found a staircase to the Slime Pits.
 17285 | Lair:6   | Entered Level 6 of the Lair of Beasts
 17732 | Lair:6   | Reached skill level 5 in Dodging
 18785 | Lair:6   | Noticed a fire dragon
 18789 | Lair:6   | Gained mutation: You are mostly covered in icy blue scales. (AC +3) [demonic ancestry]
 18789 | Lair:6   | Reached XP level 14. HP: 85/104 MP: 19/19
 19634 | Lair:6   | Got an encrusted mace
 19635 | Lair:6   | Identified the +5 mace of Evisceration {elec, Int+3} (You found it on level 6 of the Lair of Beasts)
 20189 | D:13     | Noticed Rupert
 20212 | D:12     | Mangled by Rupert

Skill      XL: |  1  2  3  4  5  6  7  8  9 10 11 12 13 14 |
---------------+-------------------------------------------+-----
Long Blades    | 3 4 5 6 8 9 10 11 12 | 12.8
Dodging        | 3 4 5 |  5.5
Armour         | 1 2 3 5 6 8 9 10 11 | 11.0
Fighting       | 3 4 5 6 7 8 10 11 12 | 12.9
Invocations    | 1 2 4 5 7 |  7.0
Evocations     | 1 2 3 |  3.9
Shields        | 2 5 6 7 |  7.7
Throwing       | |  1.7

Action                   |  1- 3 |  4- 6 |  7- 9 | 10-12 | 13-15 || total
-------------------------+-------+-------+-------+-------+-------++-------
Melee: Long sword        |    75 |   175 |    49 |       |       ||   299
       Short sword       |       |       |    71 |       |       ||    71
       Falchion          |       |       |   277 |  1292 |   998 ||  2567
       Mace              |       |       |       |       |     1 ||     1
Invok: Recall Ancestor   |       |     1 |     1 |     7 |     2 ||    11
       Ancestor Life: He |       |       |     1 |       |       ||     1
       Transference      |       |       |       |       |     1 ||     1
Evoke: Wand              |       |       |     8 |    24 |    25 ||    57
       Box of beasts     |       |       |       |     2 |       ||     2
  Use: Scroll            |       |    10 |     4 |    14 |     3 ||    31
       Potion            |       |       |     1 |     4 |     1 ||     6
 Stab: Distracted        |       |     1 |     5 |    13 |    13 ||    32
       Confused          |       |       |       |    20 |    20 ||    40
  Eat: Chunk             |     2 |     5 |    11 |    28 |    14 ||    60
       Ration            |       |       |       |     1 |     2 ||     3
Armor: Leather armour    |     9 |       |       |       |       ||     9
       Scale mail        |    32 |       |       |       |       ||    32
       Chain mail        |       |   131 |   168 |   273 |   392 ||   964
       Plate armour      |       |       |   131 |   389 |       ||   520
       Skin              |       |       |       |     5 |       ||     5
Dodge: Dodged            |    63 |    67 |   152 |   287 |   308 ||   877
Block: Shield            |       |       |       |   445 |       ||   445
       Buckler           |       |       |       |    70 |   228 ||   298
       Rpst.: Long sword |    17 |    19 |    15 |       |       ||    51
       Falchion          |       |       |    25 |    83 |    84 ||   192
